 Dungeon Crawl Stone Soup version 0.28-a0-983-g1de4e0787c (webtiles) character file.

Game seed: 850794247207284256

70 blank1 the Skirmisher (level 4, -8/40 HPs)
             Began as a Ghoul Monk on Dec 3, 2021.
             Was a Priest of Kikubaaqudgha.
             Killed by divine providence
             ... invoked by an orc priest
              (12 damage)
             ... on level 3 of the Dungeon.
             The game lasted 00:05:48 (2176 turns).

blank1 the Skirmisher (Ghoul Monk)                  Turns: 2176, Time: 00:05:48

Health: -8/40      AC:  2    Str: 14    XL:     4   Next: 22%
Magic:  3/3        EV: 12    Int:  5    God:    Kikubaaqudgha [***...]
Gold:   172        SH:  0    Dex: 13    Spells: 3/4 levels left

rFire   . . .      SeeInvis .   g - +4 short sword
rCold   + . .      Faith    .   (no shield)
rNeg    + + +      Spirit   .   a - +0 robe
rPois   ∞          Reflect  .   (no helmet)
rElec   .          Harm     .   (no cloak)
rCorr   .          Rampage  .   (no gloves)
Will    .....                   (no boots)
Stlth   ++........              (no amulet)
HPRegen 0.00/turn               (no ring)
MPRegen 0.08/turn               (no ring)

@: inhibited regen
A: claws 1, cold resistance 1, negative energy resistance 3, inhibited
regeneration, torment resistance 2
a: Renounce Religion, Receive Corpses


You were on level 3 of the Dungeon.
You worshipped Kikubaaqudgha.
Kikubaaqudgha was most pleased with you.
You visited 1 branch of the dungeon, and saw 3 of its levels.

You collected 172 gold pieces.

Inventory:

Hand Weapons
 g - a +4 short sword (weapon)
Armour
 a - a +0 robe (worn)
Scrolls
 c - a scroll of enchant armour {unknown}
 h - a scroll of vulnerability {unknown}
 j - 3 scrolls of magic mapping {unknown}
 k - a scroll of silence {unknown}
 l - a scroll of immolation {unknown}
 m - a scroll of blinking {unknown}
Potions
 b - a potion of attraction
 d - a potion of invisibility
 e - 2 potions of mutation
 f - a potion of lignification
 i - a potion of magic {unknown}
 n - a potion of brilliance {unknown}
 o - a potion of berserk rage {unknown}


   Skills:
 + Level 3.8 Fighting
 + Level 0.6 Short Blades
 - Level 3.0 Dodging
 + Level 3.1 Stealth
 - Level 3.7 Unarmed Combat
 + Level 0.5 Spellcasting
 + Level 0.7 Necromancy


You had 3 spell levels left.
You knew the following spells:

 Your Spells              Type           Power      Damage    Failure   Level
a - Pain                  Necr           0%         1d4       36%         1

Your spell library contained the following spells:

 Spells                   Type           Power      Damage    Failure   Level
 Animate Skeleton         Necr           0%         N/A       36%         1
 Magic Dart               Conj           0%         1d3       45%         1
 Corpse Rot               Necr/Air       0%         N/A       54%         2
 Blink                    Tloc           0%         N/A       61%         2
 Call Imp                 Summ           0%         N/A       61%         2
 Passwall                 Tmut/Erth      0%         N/A       61%         2
 Vampiric Draining        Necr           0%         2d6       75%         3
 Lesser Beckoning         Tloc           0%         N/A       83%         3
 Mephitic Cloud           Conj/Pois/Air  0%         N/A       83%         3
 Swiftness                Air            0%         N/A       83%         3
 Animate Dead             Necr           0%         N/A       98%         4
 Dispel Undead            Necr           0%         3d6       98%         4
 Borgnjor's Vile Clutch   Necr/Erth      0%         N/A       100%        5
 Excruciating Wounds      Necr           0%         N/A       100%        5
 Fireball                 Conj/Fire      0%         3d3       100%        5
 Manifold Assault         Tloc           0%         N/A       100%        5
 Death Channel            Necr           0%         N/A       100%        6
 Starburst                Conj/Fire      0%         6d3       100%        6
 Ignition                 Fire           0%         3d3       100%        8
 Chain Lightning          Conj/Air       0%         N/A       100%        9
 Fire Storm               Conj/Fire      0%         5d1       100%        9
 Shatter                  Erth           0%         3d5*      100%        9


Dungeon Overview and Level Annotations

Branches:
Dungeon (3/15)

Altars:
Hepliaklqana
Kikubaaqudgha

Shops:
D:2 (


Innate Abilities, Weirdness & Mutations

You thrive by killing the living.
You are immune to poison.
You have sharp fingernails.
Your flesh is cold resistant. (rC+)
You are immune to negative energy. (rN+++)
You do not regenerate when monsters are visible.
You are immune to unholy pain and torment.


Message History

There are monsters nearby!
You now have 172 gold pieces (gained 7).
You hit the orc.
The orc is moderately wounded.
The orc barely misses you.
You closely miss the orc.
The orc is moderately wounded.
The orc hits you with a +0 mace.
You completely miss the orc.
The orc is moderately wounded.
The orc priest mumbles some strange prayers to Beogh against you.
Beogh smites you! The orc hits you with a +0 mace.
The orc shouts!
You barely miss the orc.
The orc is moderately wounded.
The orc closely misses you.
You hit the orc.
The orc is heavily wounded.
The orc hits you with a +0 mace.
You hit the orc.
You kill the orc!
Kikubaaqudgha accepts your kill.
You feel better.
You barely miss the orc priest. The orc priest closely misses you.
You hit the orc priest.
The orc priest is moderately wounded.
The orc priest hits you with a +0 hand axe.
The orc priest barely misses you.
You barely miss the orc priest.
The orc priest is moderately wounded.
You hit the orc but do no damage. The orc closely misses you.
The orc priest miscasts a cantrip.
You see here a hobgoblin corpse.
The orc priest calls down the wrath of Beogh upon you.
Beogh smites you!
* * * LOW HITPOINT WARNING * * *
The orc priest calls down the wrath of Beogh upon you.
Beogh smites you!
You die...
Kikubaaqudgha rasps: "You have failed me!
Welcome... oblivion!"

## ### .####### #############.#
##### ........ #.............#
#.)). .#########
#.###########.# #.###
o......... #.#...........# #.#
.#.##########.#.#############.#
..............#...............#
####..........#################
# ..........o..†.o@....... .
####.....o....########## . #
#..............# . #
#..............# # #
#..............# #
#..............# #
#..........##### # #..........#
# #..........#


You could see an orc priest and 2 orcs.

Vanquished Creatures
  An adder (D:3)
  2 orcs (D:3)
  4 ball pythons
  6 bats
  7 endoplasms
  2 giant cockroaches (D:2)
  7 goblins
  5 hobgoblins
  5 quokkas
  2 frilled lizards (D:1)
  6 kobolds
  2 rats (D:1)
49 creatures vanquished.

Notes
Turn   | Place    | Note
-------+----------+-------------------------------------------
     0 | D:1      | blank1 the Ghoul Monk began the quest for the Orb.
     0 | D:1      | Reached XP level 1. HP: 19/19 MP: 0/0
   206 | D:1      | Reached XP level 2. HP: 20/26 MP: 1/1
   749 | D:1      | Reached XP level 3. HP: 31/31 MP: 2/2
   932 | D:1      | Found a faded altar of an unknown god.
   943 | D:1      | Prayed at the altar of an unknown god.
   943 | D:1      | Became a worshipper of Kikubaaqudgha
   943 | D:1      | Reached * piety under Kikubaaqudgha
   943 | D:1      | Received a gift from Kikubaaqudgha
   943 | D:1      | Reached ** piety under Kikubaaqudgha
   946 | D:1      | Learned a level 1 spell: Pain
  1183 | D:2      | Found a hazy altar of Hepliaklqana.
  1212 | D:2      | Reached *** piety under Kikubaaqudgha
  1212 | D:2      | Received a gift from Kikubaaqudgha
  1507 | D:2      | Found Zaqes's Weapon Emporium.
  1999 | D:3      | Reached XP level 4. HP: 40/40 MP: 3/3
  2176 | D:3      | Killed from afar by an orc priest

Illustrated notes

Levels and vault maps discovered:
D:1:      sevenhm_arrival_forest_fort_small_5, layout_basic,
          shapermc_ecumenical_altar_notcrosses
D:2:      layout_basic, serial_shops, nicolae_square_shop, basic_altar
D:3:      layout_basic

Skill      XL: |  1  2  3 |
---------------+----------+-----
Dodging        | 3 |  3.0
Stealth        | 3 |  3.1
Fighting       | |  3.8
Short Blades   | |  0.6
Unarmed Combat | |  3.7
Spellcasting   | |  0.5
Necromancy     | |  0.7

Action                   |  1- 3 |  4- 6 || total
-------------------------+-------+-------++-------
Melee: Unarmed           |    58 |       ||    58
       Short sword       |    35 |    12 ||    47
  Use: Scroll            |     3 |     1 ||     4
 Stab: Sleeping          |    13 |     2 ||    15
Armor: Robe              |    13 |       ||    13
Dodge: Dodged            |    39 |     5 ||    44

Table legend: (Time is in decaauts)
 A = Elapsed time spent in this place.
 B = Non-inter-level travel time spent in this place.
 C = Inter-level travel time spent in this place.
 D = Time resting spent in this place.
 E = Time spent auto-exploring this place.
 F = Levels seen in this place.
 G = Mean time per level.
                   A        B        C        D        E       F      G
               +--------+--------+--------+--------+--------+-----+--------+
         Total |   2179 |   2124 |     55 |      0 |   1756 |   3 |  726.3 |
       Dungeon |   2179 |   2124 |     55 |      0 |   1756 |   3 |  726.3 |
               +--------+--------+--------+--------+--------+-----+--------+

Top non-repeatable levels by time:
     D:1: 1092 daAuts
     D:2: 681 daAuts
     D:3: 406 daAuts
